 Dungeon Crawl Stone Soup version 0.22.1-2-g9c5b331383 (webtiles) character file.

15409 McIrco the Peltast (level 12, -7/87 HPs)
             Began as a Minotaur Fighter on Jan 5, 2019.
             Was an Elder of Hepliaklqana.
             Killed by divine providence
             ... invoked by an orc priest
              (17 damage)
             ... on level 11 of the Dungeon.
             The game lasted 00:46:26 (12668 turns).

McIrco the Peltast (Minotaur Fighter)              Turns: 12668, Time: 00:46:27

Health: -7/87      AC: 19    Str: 28    XL:     12   Next: 1%
Magic:  11/11      EV: 10    Int:  5    God:    Hepliaklqana [****..]
Gold:   657        SH: 19    Dex: 12    Spells: 11/11 levels left

rFire    . . .     SeeInvis .   G - +1 falchion (elec)
rCold    + + .     Gourm    .   c - +1 shield
rNeg     + . .     Faith    .   j - +0 plate armour
rPois    .         Spirit   .   o - +2 hat
rElec    +         Reflect  +   u - +2 cloak
rCorr    .         Harm     .   (no gloves)
MR       .....                  k - +0 pair of boots
Stlth    ..........             x - +3 amulet of reflection
HPRegen  0.24/turn              M - ring "Vote" {rElec rC++ AC-3} (curse)
MPRegen  0.12/turn              J - ring of the Last Lovers {rN+ Str+4}

@: hasted, very quick
A: retaliatory headbutt, reduced essence, horns 2
a: Recall Ancestor, Ancestor Identity, Transference, Idealise, Renounce Religion


You were on level 11 of the Dungeon.
You worshipped Hepliaklqana.
Hepliaklqana was greatly pleased with you.
You were not hungry.

You visited 3 branches of the dungeon, and saw 14 of its levels.
You also visited: Labyrinth.

You collected 927 gold pieces.
You spent 270 gold pieces at shops.

Inventory:

Hand Weapons
 b - a +1 rapier of venom
 G - a +1 falchion of electrocution (weapon)
 H - a +0 falchion of draining
Armour
 c - a +1 shield (worn)
 j - a +0 plate armour (worn)
 k - a +0 pair of boots (worn)
 o - a +2 hat (worn)
 u - a +2 cloak (worn)
Jewellery
 h - a +4 ring of intelligence
 x - a +3 amulet of reflection (around neck)
 E - the amulet of Midnight {Acrobat rF- Int+2 Stlth+}
   (You found it on level 11 of the Dungeon)

   [amulet of the acrobat]

   It helps you evade while moving and waiting.
   It affects your intelligence (+2).
   It makes you vulnerable to fire.
   It makes you more stealthy.
 I - an uncursed amulet of magic regeneration
 J - the ring of the Last Lovers (right hand) {rN+ Str+4}
   (You took it off a minotaur in a labyrinth)

   [ring of strength]

   It affects your strength (+4).
   It protects you from negative energy.
 L - an uncursed ring of protection from cold
 M - the cursed ring "Vote" (left hand) {rElec rC++ AC-3}
   (You found it in a labyrinth)

   [ring of protection]

   It affects your AC (-3).
   It greatly protects you from cold.
   It insulates you from electricity.
   It has a curse placed upon it.
Wands
 a - a wand of digging (24)
 s - a wand of random effects (15)
 t - a wand of polymorph (9)
Scrolls
 e - 5 scrolls of remove curse
 g - 2 scrolls of magic mapping
 i - a scroll of identify
 m - 3 scrolls of blinking {unknown}
 p - 2 scrolls of immolation
 v - a scroll of amnesia {unknown}
 w - a scroll of teleportation {unknown}
 y - 2 scrolls of enchant weapon {unknown}
 z - a scroll of acquirement {unknown}
 A - a scroll of noise {unknown}
 C - 2 scrolls of random uselessness {unknown}
 D - a scroll of fog {unknown}
 K - a scroll of enchant armour
 N - a scroll of silence {unknown}
 O - a scroll of fear {unknown}
Potions
 d - 5 potions of might
 l - 5 potions of curing
 q - 3 potions of lignification
 r - a potion of heal wounds
 B - a potion of haste
 F - a potion of brilliance {unknown}
Comestibles
 f - 9 rations


   Skills:
 + Level 6.7 Fighting
 - Level 2.4 Long Blades
 * Level 12.0 Armour
 * Level 5.0 Dodging
 + Level 17.6 Shields


You had 11 spell levels left.
You didn't know any spells.
Your spell library contained the following spells:

 Spells                   Type           Power        Failure   Level  Hunger
 Apportation              Tloc           #.....       98%         1    ##.....
 Flame Tongue             Conj/Fire      #....        98%         1    ##.....
 Sandblast                Erth           #.....       98%         1    ##.....
 Summon Butterflies       Summ           #.......     98%         1    ##.....
 Summon Small Mammal      Summ           #...         98%         1    ##.....
 Call Imp                 Summ           #.......     99%         2    ###....
 Passwall                 Tmut/Erth      #.......     99%         2    ###....
 Throw Flame              Conj/Fire      #.....       99%         2    ###....
 Call Canine Familiar     Summ           #.......     100%        3    ####...
 Conjure Flame            Conj/Fire      #.......     100%        3    ####...
 Inner Flame              Hex/Fire       #.......     100%        3    ####...
 Lesser Beckoning         Tloc           #.........   100%        3    ####...
 Summon Guardian Golem    Hex/Summ       #.......     100%        3    ####...
 Tukima's Dance           Hex            #.......     100%        3    ####...
 Petrify                  Tmut/Erth      #.......     100%        4    #####..
 Sticky Flame             Conj/Fire      #.......     100%        4    #####..
 Summon Ice Beast         Ice/Summ       #.......     100%        4    #####..
 Summon Lightning Spire   Summ/Air       #.......     100%        4    #####..
 Alistair's Intoxication  Tmut/Pois      #.......     100%        5    ######.
 Bolt of Magma            Conj/Fire/Erth #.........   100%        5    ######.
 Borgnjor's Vile Clutch   Necr/Erth      #.........   100%        5    ######.
 Fireball                 Conj/Fire      #.........   100%        5    ######.
 Invisibility             Hex            #.......     100%        6    #######
 Statue Form              Tmut/Erth      #........    100%        6    #######


Dungeon Overview and Level Annotations

Branches:
Dungeon (12/15)            Temple (1/1) D:5            Lair (0/6) D:8
    Orc (1/2) D:9

Altars:
Ashenzari
Cheibriados
Dithmenos
Elyvilon
Fedhas
Gozag
Hepliaklqana
Kikubaaqudgha
Makhleb
Nemelex Xobeh
Okawaru
Qazlal
Ru
Sif Muna
Trog
Uskayaw
Vehumet
Wu Jian
Xom
Yredelemnul
Zin
The Shining One

Shops:
D:7 *   D:8 *   D:9 *   D:11 [

Annotations:
D:11 Harold


Innate Abilities, Weirdness & Mutations

You reflexively headbutt those who attack you in melee.
You have a pair of horns on your head.
Your life essence is reduced to manifest your ancestor. (-10% HP)


Message History

There is an escape hatch in the ceiling here.
You can't go down here!
A mysterious force pulls you upwards. The hatch slams shut behind you.
Harold shouts!
The orc wizard shouts!
The orc shouts!
The orc priest shouts!
The orc shouts!
You block the orc's attack.
A manticore comes into view.
Found a crystal ball of energy and a paperback book.
Found a stone staircase leading down.
An orc comes into view. It is wielding a mace.
The orc shouts!
You block the orc's attack.
The orc wizard casts a spell.
The orc wizard flickers and vanishes!
Deactivating autopickup; reactivate with Ctrl-A.
You block the orc's attack.
Found a scale mail.
The orc priest calls down the wrath of Beogh upon you.
Beogh smites you!
You die...

#..........###.#.....
#..........##..#.....
#....[.....#..##.....
#..........'.###.....
#..........### ###### #
####..###### # #.
###..##### ## #..
#......... #.
###o###### #.@.......
#####+ }....>...#
###......... #.....
.........###...........
#.....
..H..@.o.##..#.........
+.....
.........#.o##...[.....
#.....
........o..###.........
#..... ........@###
#......... ######
########## #......... #
#########


You could see Harold, an orc priest and an orc.

Vanquished Creatures
  A minotaur (Lab)
  2 two-headed ogres
  2 cyclopes
  5 gargoyles
  Psyche (D:11)
  6 trolls
  A hippogriff (D:7)
  A vampire (D:9)
  9 yaks
  2 hungry ghosts
  2 wargs (Orc:1)
  11 ice beasts
  5 orc warriors
  2 phantoms
  A necrophage (D:12)
  7 ogres
  7 centaurs
  2 crocodiles
  4 bullfrogs
  A water moccasin zombie (D:7)
  3 scorpions
  8 killer bees
  2 wights (D:7)
  2 howler monkeys (D:8)
  A crimson imp (D:6)
  A quasit (D:9)
  A hound (D:5)
  10 orc wizards
  A bullfrog skeleton (D:12)
  3 iguanas
  5 orc priests
  4 worker ants
  A hexer (D:8)
  A hound skeleton (D:5)
  A worker ant zombie (D:9)
  9 adders
  A shadow imp (D:11)
  An ooze (D:1)
  An adder zombie (D:9)
  An adder skeleton (D:5)
  4 worms
  2 dart slugs
  7 leopard geckos
  45 orcs
  2 ball pythons
  A giant cockroach (D:2)
  6 goblins
  5 hobgoblins
  4 jackals
  4 bats
  5 frilled lizards
  A jackal skeleton (D:6)
  9 kobolds
  5 rats
229 creatures vanquished.

Vanquished Creatures (collateral kills)
  An unseen horror (D:11)
  A deep elf mage (Orc:1)
  A cyclops (Orc:1)
  A yak (D:9)
  A hungry ghost (D:8)
  A water moccasin (D:9)
  An eye of draining (D:12)
  An orc warrior (D:9)
  An ice beast (D:12)
  A sky beast (D:7)
  A phantom (D:5)
  A necrophage (D:11)
  A centaur (D:11)
  A big kobold (D:8)
  4 killer bees (D:8)
  2 wights (D:7)
  A howler monkey (D:8)
  A bullfrog skeleton (D:6)
  A hound (D:8)
  A jelly (D:12)
  An orc priest (Orc:1)
  5 orc wizards
  A worker ant (D:12)
  2 shadow imps
  A leopard gecko (D:8)
  12 orcs
  A jackal (D:5)
47 creatures vanquished.

Vanquished Creatures (others)
  5 hexers
  2 ancestors (D:6)
  An orc (D:6)
  A kobold (D:8)
9 creatures vanquished.

Grand Total: 285 creatures vanquished

Notes
Turn   | Place    | Note
-------+----------+-------------------------------------------
     0 | D:1      | McIrco the Minotaur Fighter began the quest for the Orb.
     0 | D:1      | Reached XP level 1. HP: 19/19 MP: 0/0
    62 | D:1      | Reached skill level 4 in Shields
   125 | D:1      | Reached XP level 2. HP: 25/26 MP: 1/1
   628 | D:2      | Reached XP level 3. HP: 31/31 MP: 2/2
   727 | D:2      | Found a stormy altar of Qazlal.
  1154 | D:3      | Reached skill level 5 in Shields
  1185 | D:3      | Reached XP level 4. HP: 13/39 MP: 3/3
  1413 | D:3      | Reached skill level 6 in Shields
  1452 | D:3      | Reached XP level 5. HP: 41/45 MP: 4/4
  1526 | D:3      | Found a faded altar of an unknown god.
  1765 | D:3      | Reached skill level 5 in Armour
  1849 | D:4      | Noticed an ogre
  1858 | D:4      | Killed an ogre
  1858 | D:4      | Reached skill level 7 in Shields
  1858 | D:4      | Reached XP level 6. HP: 32/51 MP: 5/5
  2211 | D:5      | Entered Level 5 of the Dungeon
  2293 | D:5      | Found a shadowy altar of Dithmenos.
  2466 | D:5      | Found an opulent altar of Gozag.
  2559 | D:5      | Noticed an ice beast
  2572 | D:5      | Killed an ice beast
  2572 | D:5      | Reached skill level 8 in Shields
  2575 | D:5      | Found a snail-covered altar of Cheibriados.
  2599 | D:5      | Found a staircase to the Ecumenical Temple.
  2606 | Temple   | Entered the Ecumenical Temple
  2865 | Temple   | Became a worshipper of Hepliaklqana the Forgotten
  3014 | D:5      | Reached XP level 7. HP: 24/51 MP: 6/6
  3037 | D:5      | Reached skill level 9 in Shields
  3613 | D:6      | Found a burning altar of Makhleb.
  3639 | D:6      | Reached skill level 10 in Shields
  3682 | D:6      | Reached XP level 8. HP: 53/57 MP: 7/7
  3867 | D:6      | Reached skill level 11 in Shields
  4424 | D:6      | Reached * piety under Hepliaklqana
  4635 | D:7      | Found Viuminoa's General Store.
  4780 | D:7      | Reached skill level 12 in Shields
  4830 | D:7      | Reached ** piety under Hepliaklqana
  4831 | D:7      | Remembered your ancestor Xochipepe as a hexer
  4899 | D:7      | Noticed a hippogriff
  4907 | D:7      | Killed a hippogriff
  4907 | D:7      | Reached XP level 9. HP: 62/63 MP: 8/8
  4925 | D:7      | Reached skill level 1 in Dodging
  5210 | D:7      | Found a sparkling altar of Nemelex Xobeh.
  5210 | D:7      | Found a blossoming altar of Fedhas.
  5327 | D:7      | Reached skill level 13 in Shields
  6054 | D:8      | Reached *** piety under Hepliaklqana
  6100 | D:8      | Found a staircase to the Lair.
  6112 | D:8      | Found Jeqimila's Assorted Antiques.
  6117 | D:8      | Bought a potion of heal wounds for 105 gold pieces
  6117 | D:8      | Bought a scroll labeled EDOIR OFIDIB for 21 gold pieces
  6117 | D:8      | Bought a scroll labeled OHYLOU EWNA for 21 gold pieces
  6117 | D:8      | Bought a triangular garnet amulet for 105 gold pieces
  6117 | D:8      | Bought an inky potion for 18 gold pieces
  6205 | D:8      | Reached skill level 14 in Shields
  6288 | D:8      | Noticed a two-headed ogre
  6301 | D:8      | Killed a two-headed ogre
  6301 | D:8      | Reached XP level 10. HP: 9/71 MP: 9/9
  6356 | D:8      | HP: 1/71 [orc priest/divine providence (14)]
  6712 | D:8      | Found a bloodstained altar of Trog.
  6898 | D:9      | Reached skill level 15 in Shields
  6994 | D:9      | Found Zeni's Assorted Antiques.
  7130 | D:9      | Found an opulent altar of Gozag.
  7179 | D:9      | Found a staircase to the Orcish Mines.
  7245 | Orc:1    | Entered Level 1 of the Orcish Mines
  7245 | Orc:1    | Noticed a two-headed ogre
  7263 | D:9      | Killed a two-headed ogre
  7263 | D:9      | Reached skill level 5 in Fighting
  7263 | D:9      | Reached skill level 16 in Shields
  7596 | Orc:1    | Noticed a cyclops
  7603 | Orc:1    | Killed a cyclops
  7692 | Orc:1    | Noticed a deep elf mage
  7696 | Orc:1    | Noticed a deep elf mage
  7696 | Orc:1    | Noticed a deep elf mage
  7704 | Orc:1    | Killed a deep elf mage
  7704 | Orc:1    | Reached XP level 11. HP: 42/80 MP: 10/10
  7704 | Orc:1    | Noticed a deep elf mage
  7991 | D:10     | Entered Level 10 of the Dungeon
  9254 | D:10     | Found Irghiw Tino's General Store.
  9839 | D:11     | Found Hiptef's Armour Shop.
  9845 | D:11     | Reached **** piety under Hepliaklqana
  9924 | D:11     | Reached skill level 10 in Armour
 10227 | D:11     | Got a wavering garnet amulet
 10229 | D:11     | Identified the amulet of Midnight {Acrobat rF- Int+2
                  | Stlth+} (You found it on level 11 of the Dungeon)
 10291 | D:11     | Noticed Psyche
 10291 | D:11     | Noticed an eight-headed hydra
 10292 | D:11     | Noticed a six-headed hydra
 10358 | D:11     | Reached skill level 17 in Shields
 10379 | D:11     | Killed Psyche
 10434 | D:11     | Killed an unseen horror
 10816 | D:10     | You fall through a shaft!
 10873 | D:12     | Found a labyrinth entrance.
 10880 | Lab      | Entered a labyrinth
 12325 | Lab      | Noticed a minotaur
 12335 | Lab      | Killed a minotaur
 12337 | Lab      | Got a warped platinum ring
 12348 | Lab      | Got a wavering platinum ring
 12350 | Lab      | Identified Downuej's Grimoire of Earth
 12360 | Lab      | Identified the ring of the Last Lovers {rN+ Str+4} (You
                  | took it off a minotaur in a labyrinth)
 12362 | Lab      | Identified the cursed ring "Vote" {rElec rC++ AC-3} (You
                  | found it in a labyrinth)
 12518 | D:12     | Reached skill level 5 in Dodging
 12595 | D:12     | Noticed a six-headed hydra
 12596 | D:12     | Noticed an eight-headed hydra
 12599 | D:12     | Reached XP level 12. HP: 71/87 MP: 6/11
 12619 | D:12     | Noticed an emperor scorpion
 12619 | D:12     | a nine-headed hydra changed into an emperor scorpion
 12625 | D:12     | HP: 3/87 [emperor scorpion (3)]
 12659 | D:11     | Noticed Harold
 12668 | D:11     | Killed from afar by an orc priest

Skill      XL: |  1  2  3  4  5  6  7  8  9 10 11 |
---------------+----------------------------------+-----
Shields        | 4 5 6 7 8 10 12 14 16 17 | 17.6
Armour         | 4 5 6 7 8 9 12 | 12.0
Dodging        | 1 2 5 |  5.0
Fighting       | 4 5 6 |  6.7
Long Blades    | |  2.4

Action                   |  1- 3 |  4- 6 |  7- 9 | 10-12 || total
-------------------------+-------+-------+-------+-------++-------
Melee: Long sword        |    90 |   136 |   184 |       ||   410
       Headbutt          |    13 |    19 |    46 |   127 ||   205
       Rapier            |       |       |    96 |   468 ||   564
       Falchion          |       |       |       |    13 ||    13
Invok: Ancestor Identity |       |     1 |       |       ||     1
       Ancestor Life: He |       |       |     1 |       ||     1
       Recall Ancestor   |       |       |       |     5 ||     5
Evoke: Wand              |       |       |     1 |    10 ||    11
  Use: Scroll            |       |     1 |     7 |     3 ||    11
       Potion            |       |       |     5 |     4 ||     9
 Stab: Confused          |       |       |     2 |     2 ||     4
       Distracted        |       |       |     2 |     1 ||     3
  Eat: Chunk             |       |     5 |     3 |     6 ||    14
       Ration            |       |     1 |     3 |     5 ||     9
Armor: Scale mail        |    40 |    55 |    55 |       ||   150
       Plate armour      |       |       |    54 |   256 ||   310
Dodge: Dodged            |    26 |    36 |    72 |   100 ||   234
Block: Shield            |    42 |    94 |   257 |   463 ||   856
       Reflection        |       |     1 |     6 |    35 ||    42
       Rpst.: Long sword |     4 |    12 |    13 |       ||    29
       Falchion          |       |       |       |     1 ||     1
